 Dungeon Crawl Stone Soup version 0.18.1-8-gdd0e5ea (webtiles) character file.

10840 Lul the Nimble (level 11, -1/130 HPs)
             Began as a Demonspawn Chaos Knight on June 8, 2016.
             Slain by a ten-headed hydra (6 damage)
             ... on level 2 of the Lair of Beasts.
             The game lasted 00:49:55 (11285 turns).

Lul the Nimble (Demonspawn Chaos Knight)           Turns: 11285, Time: 00:49:56

Health: -1/130     AC: 12    Str: 22    XL:     11   Next: 41%
Magic:  11/11      EV: 17    Int:  9    God:    Xom [..*...]
Gold:   441        SH:  9    Dex: 21    Spells: 0 memorised, 10 levels left

rFire  . . .     SeeInvis .     a - +3 falchion (chaos)
rCold  + . .     Gourm    .     v - +0 ring mail of Pomarorre {rPois rCorr}
rNeg   . . .     Faith    .     b - +0 shield
rPois  +         Spirit   .     (helmet unavailable)
rElec  .         Dismiss  .     e - +0 cloak
rCorr  +         Reflect  .     E - +0 pair of gloves
SustAt +         Harm     .     o - +2 pair of boots
MR     .....                    h - amulet "Yrevum" {+Rage +Inv rPois Int-4 Dex+9}
Stlth  ..........               C - ring of protection from cold
                                D - ring of sustain attributes

@: berserking, very slightly contaminated, invisible, very quick, not resistant
to hostile enchantments, extremely unstealthy
A: horns 3, demonic guardian 2, rot immunity, subdued magic 1, sturdy frame 2
a: Renounce Religion, Evoke Berserk Rage


You were on level 2 of the Lair of Beasts.
You worshipped Xom.
You were a toy of Xom.
You were not hungry.

You visited 2 branches of the dungeon, and saw 10 of its levels.
You also visited: Sewer.

You collected 441 gold pieces.

Inventory:

Hand Weapons
 a - a +3 falchion of chaos (weapon)
Armour
 b - a +0 shield (worn)
 e - a +0 cloak (worn)
 o - a +2 pair of boots (worn)
 v - the +0 ring mail of Pomarorre (worn) {rPois rCorr}
   (You found it in a sewer)

   It protects you from poison.
   It protects you from acid and corrosion.
 E - a +0 pair of gloves (worn)
 J - the +1 robe of Taloq {rF+}
   (You found it on level 1 of the Lair of Beasts)

   It protects you from fire.
Jewellery
 h - the amulet "Yrevum" (around neck) {+Rage +Inv rPois Int-4 Dex+9}
   (You found it on level 1 of the Lair of Beasts)

   [amulet of rage]

   It affects your intelligence (-4).
   It affects your dexterity (+9).
   It protects you from poison.
   It lets you turn invisible.
   It lets you go berserk.
 n - an uncursed amulet of guardian spirit
 C - a ring of protection from cold (right hand)
 D - a ring of sustain attributes (left hand)
Wands
 g - a wand of enslavement (13/24)
 q - a wand of iceblast (15/15)
Scrolls
 f - 2 scrolls of magic mapping
 s - 9 scrolls of teleportation
 G - a scroll of remove curse
Potions
 i - a potion of brilliance {unknown}
 k - 2 potions of lignification
 l - 3 potions of heal wounds
 m - 4 potions of flight
 t - 4 potions of curing
 u - 2 potions of magic
 B - a potion of ambrosia {unknown}
 F - 2 potions of mutation {unknown}
Books
 p - a book of Flames

   Spells                             Type                      Level
   a - Flame Tongue                   Conjuration/Fire             1
   b - Throw Flame                    Conjuration/Fire             2
   c - Conjure Flame                  Conjuration/Fire             3
   d - Inner Flame                    Hexes/Fire                   3
   e - Sticky Flame                   Conjuration/Fire             4
   f - Fireball                       Conjuration/Fire             5
 I - a book of Clouds

   Spells                             Type                      Level
   a - Mephitic Cloud                 Conjuration/Poison/Air       3
   b - Conjure Flame                  Conjuration/Fire             3
   c - Poisonous Cloud                Conjuration/Poison/Air       6
   d - Freezing Cloud                 Conjuration/Ice/Air          6
   e - Ring of Flames                 Charms/Fire                  7
Miscellaneous
 y - a plain deck of defence {drawn: 1}
Comestibles
 c - 9 bread rations
 d - 6 meat rations
 w - 2 beef jerkies
 x - 5 fruits
 H - 7 slices of pizza


   Skills:
 + Level 8.5 Fighting
 + Level 8.5 Long Blades
 + Level 7.3 Armour
 + Level 9.3 Dodging
 + Level 5.2 Stealth
 + Level 1.2 Shields
 + Level 0.2 Evocations


You had 10 spell levels left.
You didn't know any spells.

Dungeon Overview and Level Annotations

Branches:
Dungeon (8/15)             Temple (0/1) D:4            Lair (2/8) D:8

Altars:
Ashenzari
Cheibriados
Dithmenos
Elyvilon
Fedhas
Gozag
Nemelex Xobeh
Pakellas
Qazlal
Ru
Sif Muna
Xom
Yredelemnul
The Shining One

Shops:
D:4 (   D:6 (

Annotations:
D:2 Grinder
D:7 exclusion: door


Innate Abilities, Weirdness & Mutations

You have a pair of large horns on your head.
A demonic guardian rushes to your aid.
You are immune to rotting.
Your movements are less encumbered by armour (ER -4).
Your spells are a little easier to cast, but a little less powerful.


Message History

You block the nine-headed hydra's attack.
The nine-headed hydra bites you!
* * * LOW HITPOINT WARNING * * *
The nine-headed hydra barely misses you.
You hack one of the nine-headed hydra's heads off!
The eight-headed hydra grows two more!
You slice the ten-headed hydra!!
The ten-headed hydra is moderately wounded.
The ten-headed hydra bites you but does no damage.
You block the ten-headed hydra's attack.
The ten-headed hydra bites you!
* * * LOW HITPOINT WARNING * * *
You block the ten-headed hydra's attack.
The ten-headed hydra bites you but does no damage. x2
The ten-headed hydra bites you!
* * * LOW HITPOINT WARNING * * *
The ten-headed hydra bites you.
* * * LOW HITPOINT WARNING * * *
The ten-headed hydra bites you.
You die...
Xom laughs nastily!

### #####P#########
#
##.##..#..#..#.##.P
#.................
##...P###.#.).....
P P ##...##
##..#.#. #....#
#...## ##...#
##.### #...# #.@..#
#...## ##D..#
#....# #.#.... P
#...## #........
#....####P........
#.................
P ##.##
#..........[......
...PP.
#.................
Y ....P.
#..P##P.P...


YY.P.P. You could see a ten-headed hydra.

Vanquished Creatures
  A wolf spider (Lair:1)
  An elephant (Lair:2)
  2 spiny frogs (Lair:1)
  2 komodo dragons
  The ghost of Lul the Skirmisher, an amateur DsCK of Xom (D:4)
  A yak (Lair:1)
  2 hippogriffs (Lair:1)
  2 wargs (D:8)
  3 porcupines
  4 water moccasins
  2 black bears
  An orc warrior (D:8)
  A wasp (Lair:1)
  4 centaurs
  3 ogres
  2 crocodiles (Lair:1)
  A big kobold (D:7)
  4 giant frogs
  A scorpion (D:7)
  5 wights (D:6)
  2 howler monkeys (D:8)
  13 crimson imps
  A giant frog zombie (D:7)
  4 jellies
  3 hounds
  3 orc priests
  4 iguanas
  Crazy Yiuf (D:2)
  4 orc wizards
  4 worker ants
  Terence (D:3)
  A killer bee zombie (D:7)
  2 hound skeletons
  A worker ant zombie (D:5)
  3 gnolls
  18 adders
  A howler monkey skeleton (D:5)
  30 river rats
  A white imp (D:7)
  A worm (D:3)
  4 dart slugs
  9 giant geckos
  26 orcs
  3 ball pythons (Sewer)
  8 bats
  7 giant cockroaches
  6 goblins
  6 hobgoblins
  5 jackals
  15 kobolds
  A giant gecko skeleton (D:4)
  13 giant newts
  A goblin skeleton (D:4)
  4 hobgoblin zombies (D:4)
  A jackal zombie (D:7)
  A kobold skeleton (D:4)
  3 orc skeletons (D:4)
  11 rats
  A fungus (D:2)
266 creatures vanquished.

Vanquished Creatures (collateral kills)
  A hydra (Lair:1)
  Erica (D:8)
  Pikel (D:5)
  2 spiny frogs (Lair:1)
  4 komodo dragons (Lair:1)
  A two-headed ogre (D:8)
  The ghost of Kloppie the Chopper, an amateur HOGl (Sewer)
  12 yaks
  A basilisk (Lair:1)
  A human (D:7)
  Menkaure (D:6)
  A warg (D:8)
  A water moccasin (Lair:1)
  A hell hound (D:7)
  A sky beast (D:8)
  4 slaves (D:5)
  2 ogres
  A centaur (D:5)
  3 giant frogs
  A crimson imp (D:8)
  A hound (D:6)
  2 orc priests (D:8)
  4 sheep (D:7)
  An adder (Lair:1)
  A giant gecko (D:6)
  An orc (D:8)
  A goblin skeleton (D:4)
  A kobold zombie (D:4)
53 creatures vanquished.

Vanquished Creatures (others)
  A howler monkey (D:8)
  A fire vortex (Sewer)
  3 fungi (Lair:1)
5 creatures vanquished.

Grand Total: 324 creatures vanquished

Notes
Turn   | Place    | Note
--------------------------------------------------------------
     0 | D:1      | Lul the Demonspawn Chaos Knight began the quest for the Orb.
     0 | D:1      | Reached XP level 1. HP: 18/18 MP: 1/1
    74 | D:1      | XOM: potion effect (haste)
    77 | D:1      | Gained mutation: You are immune to rotting. [demonic ancestry]
    77 | D:1      | Reached XP level 2. HP: 15/24 MP: 2/2
   322 | D:1      | Reached skill level 1 in Dodging
   438 | D:1      | Gained mutation: You have a pair of small horns on your head. [demonic ancestry]
   438 | D:1      | Reached XP level 3. HP: 29/29 MP: 3/3
   766 | D:2      | XOM: divination: magic mapping
   897 | D:2      | Found a shadowy altar of Dithmenos.
   901 | D:2      | XOM: divination: detect items
  1029 | D:2      | XOM: harmless Divn miscast
  1200 | D:2      | XOM: 2-stop teleportation journey
  1350 | D:2      | Gained mutation: You have a pair of horns on your head. [demonic ancestry]
  1350 | D:2      | Reached XP level 4. HP: 26/37 MP: 4/4
  1568 | D:2      | XOM: give mutations
  1568 | D:2      | Gained mutation: You are frail (-10% HP). [Xom's mischief]
  1568 | D:2      | Gained mutation: Your magical capacity is low (-10% MP). [Xom's mischief]
  1568 | D:2      | Lost mutation: Your magical capacity is low (-10% MP). [Xom's mischief]
  1568 | D:2      | Lost mutation: You are frail (-10% HP). [Xom's mischief]
  1819 | D:2      | Noticed Crazy Yiuf
  1832 | D:2      | Killed Crazy Yiuf
  2014 | D:3      | Noticed Grinder
  2027 | D:3      | Reached skill level 2 in Dodging
  2184 | D:3      | Reached XP level 5. HP: 42/42 MP: 5/5
  2192 | D:3      | Found an oddly glowing altar of Pakellas.
  2249 | D:3      | Noticed Terence
  2265 | D:3      | Killed Terence
  2292 | D:3      | Found a stormy altar of Qazlal.
  2294 | D:3      | Noticed a fire elemental
  2295 | D:3      | Noticed a water elemental
  2295 | D:3      | Noticed an air elemental
  2489 | D:3      | XOM: colour smoke trail
  2608 | D:3      | Found a faded altar to an unknown god.
  2659 | D:3      | Found an oddly glowing altar of Pakellas.
  2663 | D:3      | Found a snail-covered altar of Cheibriados.
  2663 | D:3      | Found a sparkling altar of Nemelex Xobeh.
  2663 | D:3      | Found an opulent altar of Gozag.
  2663 | D:3      | Found a shattered altar of Ashenzari.
  2663 | D:3      | Found a white marble altar of Elyvilon.
  2664 | D:3      | Found a basalt altar of Yredelemnul.
  2759 | D:3      | Reached skill level 3 in Dodging
  2992 | D:4      | Found a staircase to the Ecumenical Temple.
  3053 | D:4      | XOM: divination: detect items
  3123 | D:4      | Found Gebbajobli's Weapon Boutique.
  3202 | D:4      | Noticed an ogre
  3203 | D:4      | XOM: potion effect (might)
  3207 | D:4      | Killed an ogre
  3207 | D:4      | Reached skill level 1 in Stealth
  3207 | D:4      | Gained mutation: A weak demonic guardian rushes to your aid. [demonic ancestry]
  3207 | D:4      | Reached XP level 6. HP: 48/48 MP: 6/6
  3220 | D:4      | Found a glowing golden altar of the Shining One.
  3510 | D:4      | Noticed Lul's ghost (amateur DsCK)
  3528 | D:4      | Killed Lul's ghost
  3528 | D:4      | Reached skill level 4 in Dodging
  3528 | D:4      | Gained mutation: A demonic guardian rushes to your aid. [demonic ancestry]
  3528 | D:4      | Reached XP level 7. HP: 30/55 MP: 4/7
  3584 | D:4      | XOM: medium Erth miscast
  3655 | D:4      | XOM: harmless Chrm miscast
  3657 | D:4      | XOM: harmless Hex miscast
  3705 | D:4      | Found a glowing drain.
  3717 | Sewer    | Entered a sewer
  3806 | Sewer    | XOM: mild Fire miscast
  4100 | Sewer    | XOM: draining
  4124 | Sewer    | Got a translucent ring mail
  4135 | Sewer    | Identified the cursed +0 ring mail of Pomarorre {rPois rCorr} (You found it in a sewer)
  4135 | Sewer    | XOM: harmless Summ miscast
  4140 | Sewer    | Noticed Kloppie's ghost (amateur HOGl)
  4144 | Sewer    | Killed Kloppie's ghost
  4343 | D:4      | XOM: torment (32/55 hp)
  4399 | D:4      | XOM: colour smoke trail
  4487 | D:4      | Found a glowing golden altar of the Shining One.
  4530 | D:4      | XOM: blink monster(s)
  4633 | D:5      | Entered Level 5 of the Dungeon
  4738 | D:5      | Noticed Pikel
  4739 | D:5      | XOM: draining
  4748 | D:5      | Killed Pikel
  4748 | D:5      | Reached skill level 5 in Fighting
  4748 | D:5      | Reached skill level 5 in Dodging
  4748 | D:5      | Gained mutation: You have a pair of large horns on your head. [demonic ancestry]
  4748 | D:5      | Reached XP level 8. HP: 48/62 MP: 6/8
  4876 | D:5      | XOM: harmless Hex miscast
  4959 | D:5      | XOM: divination: magic mapping
  4981 | D:5      | Reached skill level 5 in Long Blades
  5064 | D:5      | XOM: harmless Summ miscast
  5186 | D:5      | XOM: polymorph scorpion -> ogre
  5258 | D:5      | XOM: 3-stop teleportation journey
  5433 | D:5      | XOM: smoke on damage
  5571 | D:5      | XOM: noise
  5639 | D:5      | Reached skill level 6 in Dodging
  6001 | D:6      | Found Otuocetz's Weapon Emporium.
  6083 | D:6      | Gained mutation: Your movements are slightly less encumbered by armour (ER -2). [demonic ancestry]
  6083 | D:6      | Reached XP level 9. HP: 35/69 MP: 5/9
  6300 | D:6      | Reached skill level 5 in Armour
  6325 | D:6      | Found a sacrificial altar of Ru.
  6326 | D:6      | Noticed Menkaure
  6331 | D:6      | Killed Menkaure
  6664 | D:7      | XOM: silly message
  6779 | D:7      | Found a blossoming altar of Fedhas.
  6993 | D:7      | XOM: harmless Hex miscast
  7042 | D:7      | Reached skill level 7 in Dodging
  7228 | D:7      | XOM: god gift: potion of heal wounds
  7352 | D:7      | XOM: polymorph orc warrior -> hell hound
  7359 | D:7      | XOM: butterfly on damage
  7507 | D:7      | Found a deep blue altar of Sif Muna.
  7513 | D:7      | XOM: harmless Necr miscast
  7613 | D:8      | Noticed Erica
  7620 | D:8      | Killed Erica
  7623 | D:8      | Gained mutation: Your movements are less encumbered by armour (ER -4). [demonic ancestry]
  7623 | D:8      | Reached XP level 10. HP: 65/79 MP: 7/10
  7796 | D:8      | Found a staircase to the Lair.
  7856 | D:8      | XOM: mild Divn miscast
  7896 | D:8      | XOM: 1-stop teleportation journey
  7918 | D:8      | Found a shimmering altar of Xom.
  8101 | D:8      | XOM: draining
  8370 | D:8      | XOM: enchant monster (good)
  8403 | Lair:1   | Entered Level 1 of the Lair of Beasts
  8415 | Lair:1   | Noticed a spiny frog
  8426 | Lair:1   | Killed a spiny frog
  8427 | Lair:1   | Reached skill level 8 in Dodging
  8511 | Lair:1   | XOM: divination: magic mapping
  8514 | Lair:1   | XOM: scenery: 1 doors open
  8542 | Lair:1   | XOM: 3-stop teleportation journey
  8739 | Lair:1   | Got a shadowed robe
  8983 | Lair:1   | Noticed a spiny frog
  9005 | Lair:1   | Noticed a wolf spider
  9011 | Lair:1   | Killed a spiny frog
  9013 | Lair:1   | XOM: cast spell 'Call Canine Familiar'
  9017 | Lair:1   | Killed a wolf spider
  9098 | Lair:1   | Noticed a seven-headed hydra
  9107 | Lair:1   | Killed an eight-headed hydra
  9107 | Lair:1   | Reached XP level 11. HP: 26/86 MP: 4/11
  9414 | Lair:1   | XOM: 4-stop teleportation journey
  9569 | Lair:1   | XOM: harmless Pois miscast
  9670 | Lair:1   | XOM: harmless Necr miscast
  9681 | Lair:1   | XOM: polymorph river rat -> giant newt
  9682 | Lair:1   | Reached skill level 9 in Dodging
  9967 | Lair:1   | XOM: harmless Pois miscast
 10000 | Lair:1   | XOM: enchant monster (bad)
 10016 | Lair:1   | XOM: smoke on damage
 10021 | Lair:1   | Got a vibrating diamond amulet
 10024 | Lair:1   | Identified the amulet "Yrevum" {+Rage +Inv rPois Int-4 Dex+9} (You found it on level 1 of the Lair of Beasts)
 10293 | Lair:1   | XOM: summons 6 friendly demons
 10356 | Lair:1   | XOM: snakes to sticks
 10461 | Lair:1   | XOM: give mutation
 10461 | Lair:1   | Gained mutation: Your spells are a little easier to cast, but a little less powerful. [Xom's mischief]
 10630 | Lair:2   | XOM: divination: detect creatures
 10671 | Lair:2   | XOM: swap monsters
 10677 | Lair:2   | Reached skill level 5 in Stealth
 10788 | Lair:2   | Identified the +1 robe of Taloq {rF+} (You found it on level 1 of the Lair of Beasts)
 10909 | Lair:2   | Reached skill level 1 in Shields
 10925 | Lair:2   | XOM: harmless Ice miscast
 11004 | Lair:2   | XOM: divination: detect creatures
 11274 | Lair:2   | Noticed an eight-headed hydra
 11285 | Lair:2   | HP: 5/130 [ten-headed hydra (6)]
 11285 | Lair:2   | Slain by a ten-headed hydra

Skill      XL: |  1  2  3  4  5  6  7  8  9 10 11 |
---------------+----------------------------------+-----
Long Blades    | 3 4 5 6 8 |  8.5
Dodging        | 1 2 3 4 5 6 7 8 9 |  9.3
Armour         | 2 3 4 6 7 |  7.3
Fighting       | 4 5 6 7 8 |  8.5
Stealth        | 1 2 3 4 5 |  5.2
Shields        | 1 |  1.2
Evocations     | |  0.2

Action                   |  1- 3 |  4- 6 |  7- 9 | 10-12 || total
-------------------------+-------+-------+-------+-------++-------
Melee: Falchion          |   112 |   168 |   365 |   319 ||   964
       Headbutt          |     4 |    29 |    55 |    68 ||   156
 Abil: Evoke Berserk Rag |       |       |       |     1 ||     1
Evoke: Deck              |       |       |       |     1 ||     1
  Use: Scroll            |     4 |     3 |     9 |     4 ||    20
       Potion            |       |     3 |     6 |     3 ||    12
 Stab: Sleeping          |       |     1 |     3 |     7 ||    11
       Invisible         |       |     2 |       |     2 ||     4
       Confused          |       |       |       |     3 ||     3
       Petrified         |       |       |       |     2 ||     2
       Distracted        |       |       |       |     1 ||     1
       Petrifying        |       |       |       |     1 ||     1
       Paralysed         |       |       |       |     1 ||     1
  Eat: Chunk             |     2 |     4 |     7 |     8 ||    21
       Bread ration      |       |     1 |       |     1 ||     2
       Beef jerky        |       |       |     2 |     1 ||     3
       Royal jelly       |       |       |     1 |       ||     1
Armor: Leather armour    |    44 |    59 |    23 |       ||   126
       Ring mail         |       |       |    87 |    77 ||   164
Dodge: Dodged            |    77 |    90 |   229 |   228 ||   624
Block: Shield            |       |       |       |    43 ||    43
